 Dungeon Crawl Stone Soup version 0.19.1 (webtiles) character file.

1143 LORDOFBUTT the Covert (level 8, -7/44 HPs)
             Began as a Kobold Assassin on Dec 19, 2016.
             Was an Initiate of Gozag.
             Mangled by an orc warrior
             ... wielding a +0 mace
              (13 damage)
             ... on level 6 of the Dungeon.
             The game lasted 00:09:04 (5858 turns).

LORDOFBUTT the Covert (Kobold Assassin)             Turns: 5858, Time: 00:09:05

Health: -7/44      AC:  8    Str:  9    XL:     8   Next: 64%
Magic:  0/8        EV: 14    Int: 12    God:    Gozag
Gold:   364        SH:  0    Dex: 22    Spells: 0 memorised, 7 levels left

rFire  . . .     SeeInvis .     u - -1 short sword (curse)
rCold  + . .     Gourm    .     c - +0 robe
rNeg   . . .     Faith    .     (shield restricted)
rPois  .         Spirit   +     x - +0 helmet of the Harvest {rC+}
rElec  .         Reflect  .     d - +0 cloak
rCorr  .         Harm     .     (no gloves)
MR     .....                    (no boots)
Stlth  +++++.....               o - amulet of guardian spirit
                                l - +4 ring of protection
                                i - +4 ring of dexterity

@: about to teleport
A: carnivore 3
a: Potion Petition, Call Merchant, Bribe Branch, Renounce Religion


You were on level 6 of the Dungeon.
You worshipped Gozag.
Gozag was aware of your devotion.
You were not hungry.

You visited 2 branches of the dungeon, and saw 7 of its levels.

You collected 440 gold pieces.
You paid 76 gold pieces to Gozag.

Inventory:

Hand Weapons
 a - a +2 dagger
 b - a +0 blowgun
 u - a cursed -1 short sword (weapon)
 v - a +0 short sword of venom
Missiles
 e - 53 poisoned needles
 f - 2 curare-tipped needles
Armour
 c - a +0 robe (worn)
 d - a +0 cloak (worn)
 x - the +0 helmet of the Harvest (worn) {rC+}
   (You took it off Robin on level 3 of the Dungeon)

   It protects you from cold.
Jewellery
 i - a +4 ring of dexterity (left hand)
 l - a +4 ring of protection (right hand)
 o - an amulet of guardian spirit (around neck)
 p - an uncursed ring of loudness
 s - an uncursed ring of protection from cold
Wands
 B - a wand of confusion (34/48)
Scrolls
 k - 3 scrolls of magic mapping {unknown}
 m - 2 scrolls of amnesia {unknown}
 r - a scroll of teleportation
 t - a scroll of recharging {unknown}
 w - a scroll of immolation {unknown}
 y - a scroll of enchant armour {unknown}
 z - a scroll of random uselessness {unknown}
 A - a scroll of noise {unknown}
Potions
 j - a potion of lignification
 n - 2 potions of mutation
 q - a potion of brilliance
Comestibles
 g - 4 meat rations
 h - a beef jerky


   Skills:
 - Level 2.1 Fighting
 * Level 8.3 Short Blades
 + Level 5.0 Throwing
 - Level 1.2 Dodging
 * Level 10.3 Stealth


You had 7 spell levels left.
You didn't know any spells.

Dungeon Overview and Level Annotations

Branches:
Dungeon (6/15)             Temple (1/1) D:4

Altars:
Cheibriados
Dithmenos
Elyvilon
Fedhas
Gozag
Hepliaklqana
Kikubaaqudgha
Makhleb
Nemelex Xobeh
Okawaru
Qazlal
Ru
Sif Muna
Trog
Uskayaw
Vehumet
Xom
Yredelemnul
Zin
The Shining One

Annotations:
D:6 Eustachio


Innate Abilities, Weirdness & Mutations

You are small and have problems with some larger weapons.
You are carnivorous and can eat meat at any time.


Message History

The quokka bites you. The howler monkey closely misses you.
The orc warrior closely misses you.
The shadow imp hits you but does no damage.
You hit Eustachio but do no damage.
Eustachio is lightly wounded.
The quasit completely misses you. The quasit misses you.
The quasit closely misses you. The quokka closely misses you.
Eustachio says, "My allies will avenge me."
Eustachio hits you with a rapier. The howler monkey misses you.
An orc comes into view.
As you read the scroll of teleportation, it crumbles to dust.
You feel strangely unstable. The quasit closely misses you.
The quasit claws you but does no damage.
The quasit closely misses you. The quokka bites you.
The shadow imp gestures at you. Pain shoots through your body!
* * * LOW HITPOINT WARNING * * *
The orc warrior hits you with a mace!
You die...
Your body crumbles into a pile of gold.

#.# #.# #. #+## ####.# #.
##...## #....# ###.###
##.....## #.#### #......##
##.......## #..##
#.##....####.........####...##
...........'..5......+...>...#
.##....####.5h@.....####....##
# #.#.## ##r@5....##........#
#.##.#.# ##o....###.##......
#......# ##o..## #.##......
####.### #'## #......... ##.##
#.##########...#
##...##########o##... ..###.##
#............##.##.## #.# #(#
##...#######....>...###.###.#
##.## ##...............#


You could see Eustachio, an orc warrior, a howler monkey, 2 quasits, a shadow
imp, 2 orcs and a quokka.

Vanquished Creatures
  The ghost of sepiko the Firebug, an amateur DrFE of Sif Muna (D:5)
  Sigmund (D:2)
  A phantom (D:4)
  4 scorpions
  A howler monkey (D:5)
  2 crimson imps
  2 hounds (D:4)
  A jelly (D:5)
  3 orc wizards (D:4)
  Jessica (D:3)
  2 worker ants
  Robin (D:3)
  4 adders
  A gnoll (D:1)
  A shadow imp (D:5)
  An ooze (D:5)
  An adder skeleton (D:4)
  5 worms
  A dart slug (D:1)
  4 leopard geckos
  9 orcs
  3 ball pythons
  4 giant cockroaches
  12 goblins
  10 hobgoblins
  4 jackals (D:1)
  2 quokkas
  4 bats
  2 frilled lizards
  A jackal skeleton (D:4)
  5 kobolds
  9 rats
103 creatures vanquished.

Notes
Turn   | Place    | Note
-------+----------+-------------------------------------------
     0 | D:1      | LORDOFBUTT the Kobold Assassin began the quest for the Orb.
     0 | D:1      | Reached XP level 1. HP: 12/12 MP: 1/1
    57 | D:1      | Reached XP level 2. HP: 14/17 MP: 2/2
   340 | D:1      | Reached XP level 3. HP: 20/21 MP: 3/3
   667 | D:2      | Noticed a dagger
   668 | D:2      | Noticed a dagger
   671 | D:2      | Found a hide-covered altar of Uskayaw.
   699 | D:2      | Reached skill level 6 in Stealth
  1022 | D:2      | Reached XP level 4. HP: 5/26 MP: 0/4
  1922 | D:2      | Noticed Sigmund
  1929 | D:2      | Killed Sigmund
  1929 | D:2      | Reached skill level 5 in Short Blades
  1929 | D:2      | Reached skill level 7 in Stealth
  1929 | D:2      | Reached XP level 5. HP: 30/30 MP: 5/5
  1929 | D:2      | Reached XP level 6. HP: 35/35 MP: 6/6
  2241 | D:3      | Noticed Jessica
  2243 | D:3      | Killed Jessica
  2261 | D:3      | Found a snail-covered altar of Cheibriados.
  2370 | D:3      | Noticed Robin
  2419 | D:3      | Killed Robin
  2425 | D:3      | Got a transparent helmet
  2431 | D:3      | Identified the cursed +0 helmet of the Harvest {rC+} (You took it off Robin on level 3 of the Dungeon)
  2935 | D:4      | Reached skill level 8 in Stealth
  2953 | D:4      | Reached XP level 7. HP: 25/40 MP: 4/7
  3271 | D:4      | Found a staircase to the Ecumenical Temple.
  3572 | D:4      | Reached skill level 9 in Stealth
  4434 | Temple   | Entered the Ecumenical Temple
  4617 | Temple   | Became a worshipper of Gozag Ym Sagoz the Greedy
  4642 | D:5      | Entered Level 5 of the Dungeon
  4644 | D:5      | Reached XP level 8. HP: 44/44 MP: 8/8
  4903 | D:5      | Noticed sepiko's ghost (amateur DrFE)
  4937 | D:5      | Killed sepiko's ghost
  4937 | D:5      | Reached skill level 10 in Stealth
  5371 | D:5      | Reached skill level 5 in Throwing
  5513 | D:5      | Found a stormy altar of Qazlal.
  5837 | D:6      | Noticed Eustachio
  5858 | D:6      | Mangled by an orc warrior

Skill      XL: |  1  2  3  4  5  6  7  8 |
---------------+-------------------------+-----
Short Blades   | 3 4 5 6 7 8 |  8.3
Stealth        | 6 7 8 9 10 | 10.3
Throwing       | 3 4 5 |  5.0
Fighting       | |  2.1
Dodging        | |  1.2

Action                   |  1- 3 |  4- 6 |  7- 9 || total
-------------------------+-------+-------+-------++-------
Melee: Dagger            |    82 |    42 |       ||   124
       Short sword       |       |    91 |   263 ||   354
 Fire: Blowgun           |     1 |     2 |       ||     3
Invok: Potion Petition   |       |       |     1 ||     1
  Use: Scroll            |     2 |     4 |     5 ||    11
       Potion            |       |     1 |     1 ||     2
 Stab: Sleeping          |    11 |     8 |    10 ||    29
       Distracted        |       |     2 |     1 ||     3
  Eat: Chunk             |     8 |     4 |     2 ||    14
       Pizza             |       |       |     1 ||     1
       Beef jerky        |       |       |     1 ||     1
Armor: Robe              |     8 |    38 |    55 ||   101
Dodge: Dodged            |    40 |    89 |   124 ||   253
